 Dungeon Crawl Stone Soup version 0.30.0-10-gfe55d96785 (webtiles) character file.

Game seed: 5267180017371745002

2731 fozzywoppz the Martial Artist (level 9, -8/74 HPs)
             Began as a Demonspawn Monk on May 13, 2023.
             Killed from afar by a gargoyle (14 damage)
             ... with a stone arrow
             ... on level 7 of the Dungeon.
             The game lasted 00:15:16 (7150 turns).

fozzywoppz the Martial Artist (Demonspawn Monk)     Turns: 7150, Time: 00:15:16

Health: -8/74      AC: 10    Str: 13    XL:     9   Next: 40%
Magic:  18/18      EV: 12    Int: 12    God:
Gold:   304        SH:  0    Dex: 18    Spells: 8/8 levels left

rFire   + .          .
                       - Unarmed
rCold   . . .        c - orb {light}
rNeg    . . .        j - +3 leather armour of Relativism {rElec MP+9}
rPois   .            (no helmet)
rElec   +            s - +0 cloak
rCorr   .            (no gloves)
SInv    .            (no boots)
Will    .....        (no amulet)
Stlth   +            n - ring of protection from fire
HPRegen 0.32/turn    (no ring)
MPRegen 0.16/turn

%: no passive effects
@: about to teleport, glowing
A: icy blue scales 2, foul stench 1, demonic magic 1, demonic touch 1
a: no special abilities


You were on level 7 of the Dungeon.
You visited 2 branches of the dungeon, and saw 8 of its levels.

You collected 304 gold pieces.

Inventory:

Missiles
 h - 2 javelins (quivered)
 r - a throwing net
Armour
 c - an orb of light (worn)
 j - the +3 leather armour of Relativism (worn) {rElec MP+9}
   (You found it on level 2 of the Dungeon)

   rElec:     It insulates you from electricity.
   MP:        It affects your magic capacity (+9).
 q - a +0 buckler
 s - a +0 cloak (worn)
Jewellery
 n - a ring of protection from fire (left hand)
 t - an amulet of faith
Scrolls
 a - 2 scrolls of fear
 d - a scroll of magic mapping {unknown}
 e - a scroll of blinking {unknown}
 f - a scroll of noise {unknown}
 g - a scroll of poison {unknown}
 i - 3 scrolls of teleportation
 l - a scroll of silence
 p - a scroll of vulnerability {unknown}
 v - 3 scrolls of identify
Potions
 k - a potion of lignification
 m - a potion of attraction
 o - 2 potions of brilliance
 x - a potion of haste {unknown}


   Skills:
 - Level 8.0 Fighting
 - Level 2.0 Armour
 - Level 2.6 Dodging
 + Level 9.9 Unarmed Combat


You had 8 spell levels left.
You didn't know any spells.
Your spell library contained the following spells:

 Spells                   Type           Power      Damage    Failure   Level
 Magic Dart               Conj           0%         1d3       38%         1
 Call Imp                 Summ           0%         N/A       54%         2
 Ensorcelled Hibernation  Hex/Ice        0%         N/A       54%         2
 Frozen Ramparts          Ice            0%         1d1       77%         3
 Mephitic Cloud           Conj/Pois/Air  0%         N/A       77%         3
 Spider Form              Tmut/Pois      0%         N/A       77%         3
 Anguish                  Hex/Necr       0%         N/A       99%         4
 Ice Form                 Ice/Tmut       0%         N/A       99%         4
 Summon Ice Beast         Ice/Summ       0%         N/A       99%         4


Dungeon Overview and Level Annotations

Branches:
Dungeon (7/15)             Temple (1/1) D:4

Altars:
Ashenzari
Cheibriados
Dithmenos
Fedhas
Gozag
Hepliaklqana
Kikubaaqudgha
Makhleb
Nemelex Xobeh
Okawaru
Ru
Sif Muna
Trog
Uskayaw
Vehumet
Wu Jian
Xom
Yredelemnul

Shops:
D:3 [


Innate Abilities, Weirdness & Mutations

You are mostly covered in icy blue scales. (AC +3)
You may rarely emit foul miasma when damaged in melee.
Spells you cast may paralyse adjacent enemies.
Your touch may inflict minor irresistible damage on your foes.


Message History

A gargoyle comes into view. It is wielding a +0 mace.
Found 7 stones.
You hit the gargoyle but do no damage.
The gargoyle hurls a stone arrow at you.
The stone arrow hits you.
You hit the gargoyle but do no damage.
The gargoyle hits you but does no damage.
You barely miss the gargoyle. You hit the gargoyle.
The gargoyle is lightly damaged.
The gargoyle hits you with a +0 mace!
You hit the gargoyle but do no damage.
The gargoyle is lightly damaged.
The gargoyle hurls a stone arrow at you.
The stone arrow hits you!!
You hit the gargoyle but do no damage.
The gargoyle is lightly damaged.
The gargoyle hurls a stone arrow at you.
The stone arrow hits you!!
* * * LOW HITPOINT WARNING * * *
You punch the gargoyle!
The gargoyle is heavily damaged.
The gargoyle barely misses you.
Okay, then.
You hit the gargoyle but do no damage.
The gargoyle is heavily damaged.
The gargoyle hurls a stone arrow at you.
The stone arrow hits you!
* * * LOW HITPOINT WARNING * * *
Unknown command.
You can't see any enemies this would affect, really read the scroll of fear?
Okay, then.
As you read the scroll of teleportation, it crumbles to dust.
You feel strangely unstable. The gargoyle closely misses you.
Unknown command.
The gargoyle hurls a stone arrow at you.
The stone arrow misses you.
The gargoyle hurls a stone arrow at you.
The stone arrow hits you!
You die...

##.........##
##.....#... ##....>...#
#..........
####.###.####...........
#...#..................
#.#...#######..........
#.#.###(###[###......†.
#...# ##9.)## #..).....
#..###+.....+###.......
#..#8#@......# #.......
#............+ #...#...
#........8....##.###.##
##...........+##.......
#.#8#.......# #.......
#.###+.....+# #.#.....
#.. ##+.+## ........ ##.
### ....... . .......


You could see a gargoyle.

Vanquished Creatures
  A gargoyle (D:7)
  Grinder (D:4)
  2 wyverns
  A steam dragon (D:6)
  2 ice beasts (D:6)
  3 black bears
  An orc warrior (D:6)
  An ogre (D:6)
  A centaur (D:7)
  3 bullfrogs (D:6)
  3 scorpions
  5 hounds
  A gnoll bouda (D:4)
  An orc priest (D:7)
  2 jellies
  3 iguanas
  3 sleepcaps
  8 orc wizards
  5 adders
  A shadow imp (D:6)
  A white imp (D:6)
  4 dart slugs
  16 orcs
  4 ball pythons
  8 bats
  5 endoplasms
  3 giant cockroaches
  5 goblins
  4 hobgoblins
  4 jackals (D:1)
  2 quokkas (D:1)
  2 frilled lizards
  6 kobolds
  4 rats
116 creatures vanquished.

Notes
Turn   | Place    | Note
-------+----------+-------------------------------------------
     0 | D:1      | fozzywoppz the Demonspawn Monk began the quest for the Orb.
     0 | D:1      | Reached XP level 1. HP: 18/18 MP: 1/1
   246 | D:1      | Gained mutation: You are partially covered in icy blue
                  | scales. (AC +2) [demonic ancestry]
   246 | D:1      | Reached XP level 2. HP: 23/24 MP: 2/2
   284 | D:1      | Reached skill level 3 in Unarmed Combat
   490 | D:1      | Found a faded altar of an unknown god.
   502 | D:1      | Reached skill level 1 in Armour
   594 | D:1      | Reached XP level 3. HP: 27/29 MP: 3/3
   896 | D:2      | Identified the +3 leather armour of Relativism {rElec MP+9}
  1417 | D:3      | Reached XP level 4. HP: 37/37 MP: 4/4
  1683 | D:3      | Found Pounuy's Antique Armour Shoppe.
  2156 | D:3      | Reached XP level 5. HP: 21/42 MP: 5/5
  2260 | D:3      | Found a radiant altar of Vehumet.
  2592 | D:4      | Noticed Grinder
  2598 | D:4      | Paralysed by Grinder for 5 turns
  2680 | D:4      | Reached skill level 4 in Unarmed Combat
  2746 | D:4      | Found a sacrificial altar of Ru.
  2764 | D:4      | Paralysed by Grinder for 5 turns
  2787 | D:4      | Paralysed by Grinder for 2 turns
  2798 | D:4      | Paralysed by Grinder for 5 turns
  2810 | D:4      | Paralysed by Grinder for 2 turns
  2820 | D:4      | Paralysed by Grinder for 3 turns
  2838 | D:4      | Killed Grinder
  2839 | D:4      | Reached skill level 5 in Fighting
  2839 | D:4      | Reached skill level 5 in Unarmed Combat
  2839 | D:4      | Gained mutation: You may rarely emit foul miasma when
                  | damaged in melee. [demonic ancestry]
  2839 | D:4      | Reached XP level 6. HP: 12/51 MP: 6/6
  3095 | D:4      | Identified the +7 short sword "Riqy" {drain, rPois rC+++
                  | Str-4 SInv}
  3114 | D:4      | Found a staircase to the Ecumenical Temple.
  3127 | D:4      | Gained mutation: Your touch may inflict minor irresistible
                  | damage on your foes. [demonic ancestry]
  3127 | D:4      | Reached XP level 7. HP: 55/57 MP: 7/7
  3129 | Temple   | Entered the Ecumenical Temple
  3202 | D:4      | Found a shimmering blue altar of Sif Muna.
  3665 | D:5      | Entered Level 5 of the Dungeon
  3942 | D:5      | Reached skill level 6 in Unarmed Combat
  3968 | D:5      | Noticed a wyvern
  3980 | D:5      | Killed a wyvern
  3981 | D:5      | Gained mutation: You are mostly covered in icy blue scales.
                  | (AC +3) [demonic ancestry]
  3981 | D:5      | Reached XP level 8. HP: 27/67 MP: 8/8
  4958 | D:6      | Reached skill level 7 in Unarmed Combat
  5023 | D:6      | Found an opulent altar of Gozag.
  5774 | D:6      | Reached skill level 8 in Unarmed Combat
  5934 | D:6      | Found a hazy altar of Hepliaklqana.
  5940 | D:6      | Found a basalt altar of Yredelemnul.
  5945 | D:6      | Found a blossoming altar of Fedhas.
  5948 | D:6      | Found a hide-covered altar of Uskayaw.
  5949 | D:6      | Found a burning altar of Makhleb.
  6550 | D:6      | Gained mutation: Spells you cast may paralyse adjacent
                  | enemies. [demonic ancestry]
  6550 | D:6      | Reached XP level 9. HP: 70/74 MP: 9/9
  6677 | D:6      | Reached skill level 9 in Unarmed Combat
  6959 | D:7      | Noticed a gargoyle
  6976 | D:7      | Killed a gargoyle
  7139 | D:7      | Noticed a gargoyle
  7150 | D:7      | Killed from afar by a gargoyle

Illustrated notes

Levels and vault maps discovered:
D:1:      dpeg_arrival_boxorama, layout_rooms,
          shapermc_ecumenical_altar_notcrosses
D:2:      layout_basic, minmay_misc_feat_nine_boxes
D:3:      layout_loops_ring, lemuel_coloured_pillars_altar, serial_shops, shop
D:4:      layout_cave_pools, nicolae_ru_path_of_blood,
          nicolae_overflow_crystal_walls, minmay_temple_entry_drinking_statues,
          amethyst_killhole, minmay_diced_spiral, uniq_grinder
D:5:      layout_gridville, minmay_tree_intersection
D:6:      layout_basic, mainiacjoe_overflow_alcove_1, minitemple
D:7:      cheibrodos_statue_roulette, layout_rooms
Temple:   minmay_freezing_vapour_temple

Skill      XL: |  1  2  3  4  5  6  7  8  9 |
---------------+----------------------------+-----
Unarmed Combat | 3 5 6 8 9 |  9.9
Armour         | 1 2 |  2.0
Fighting       | 4 5 7 8 |  8.0
Dodging        | |  2.6

Action                     |  1- 3 |  4- 6 |  7- 9 || total
---------------------------+-------+-------+-------++-------
  Melee: Unarmed           |   155 |   150 |   281 ||   586
  Throw: Javelin           |       |     2 |       ||     2
    Use: Scroll            |       |     7 |     1 ||     8
         Potion            |       |     4 |     4 ||     8
 Armour: Ring mail         |    65 |       |       ||    65
         Robe              |     1 |       |       ||     1
         Leather armour    |       |    62 |   128 ||   190
         Skin              |       |       |     3 ||     3
  Dodge: Dodged            |    82 |    84 |   190 ||   356
